General information
- name: BNet
- type: Ladder team game (AT/RT)
- host: Battle.net
- saver: TeamkillerTeam
map: Mur'gulOasis
- players: 8
- length: 18:22
- speed: Fast
- version: 1.26 W3XP
- replay type: Public
» download(89 KB)
Players
team 1 (loser)

»
ffb (
yellow | 54 APM | 46 actions | 00:51)
» actions
| Assign group hotkey | 4 | |
| Build / train | 2 | |
| Enter build submenu | 5 | |
| Right click | 10 | |
| Select / deselect | 16 | |
| Select group hotkey | 5 | |
| Use ability | 4 | |
46 total
» units
» buildings
| Altar of Darkness | 1 | |
| Ziggurat | 2 | |
| Crypt | 1 | |
4 total
» build order
00:13 Altar of Darkness
00:15 Ziggurat
00:16 Ziggurat
00:45 Crypt
TyCobb (
blue | 39 APM | 715 actions | 18:16)
5 Archmage
3 Summon Water Elemental
2 Brilliance Aura
» actions
| Assign group hotkey | 14 | |
| Basic commands | 110 | |
| Build / train | 55 | |
| Enter build submenu | 25 | |
| Enter hero's abilities submenu | 5 | |
| Give item / drop item | 7 | |
| Right click | 189 | |
| Select / deselect | 199 | |
| Select group hotkey | 64 | |
| Use ability | 47 | |
715 total
» units
| Peasant | 13 | |
| Footman | 5 | |
| Gryphon Rider | 8 | |
26 total
» upgrades
| Lumber Harvesting | 1 | |
| Masonry | 1 | |
| Swords | 3 | |
| Armor | 4 | |
| Animal War Training | 1 | |
| Storm Hammers | 1 | |
11 total
» buildings
| Altar of Kings | 1 | |
| Barracks | 1 | |
| Farm | 7 | |
| Keep | 1 | |
| Lumber Mill | 1 | |
| Arcane Vault | 1 | |
| Scout Tower | 7 | |
| Castle | 1 | |
| Guard Tower | 2 | |
| Gryphon Aviary | 2 | |
| Blacksmith | 2 | |
26 total
» build order
00:42 Altar of Kings
00:50 Barracks
00:53 Farm
01:06 Farm
01:08 Farm
01:46 Farm
03:25 Keep
03:47 Lumber Mill
03:58 Arcane Vault
04:29 Scout Tower
04:32 Scout Tower
04:33 Scout Tower
04:37 Scout Tower
06:10 Castle
06:12 Guard Tower
06:16 Scout Tower
06:19 Scout Tower
06:23 Scout Tower
06:59 Guard Tower
07:01 Gryphon Aviary
07:04 Gryphon Aviary
07:07 Blacksmith
07:09 Blacksmith
07:55 Farm
07:56 Farm
12:04 Farm
» items
| Scroll of Regeneration | 2 | |
| Periapt of Vitality | 1 | |
| Staff of Teleportation | 1 | |
| Scroll of Town Portal | 4 | |
8 total
baberuthofwc3 (
red | 45 APM | 825 actions | 18:16)
4 Tauren Chieftain
2 War Stomp
2 Endurance Aura
» actions
| Assign group hotkey | 23 | |
| Basic commands | 51 | |
| Build / train | 47 | |
| Enter build submenu | 19 | |
| Enter hero's abilities submenu | 4 | |
| Give item / drop item | 2 | |
| Right click | 245 | |
| Select / deselect | 175 | |
| Select group hotkey | 204 | |
| Use ability | 51 | |
825 total
» units
| Peon | 8 | |
| Ghoul | 2 | |
| Demolisher | 11 | |
| Acolyte | 1 | |
22 total
» upgrades
| Ranged Weapons | 3 | |
| Creature Attack | 2 | |
| Burning Oil | 1 | |
| Reinforced Defenses | 1 | |
7 total
» buildings
| Altar of Storms | 1 | |
| Orc Burrow | 4 | |
| War Mill | 1 | |
| Crypt | 1 | |
| Voodoo Lounge | 1 | |
| Stronghold | 1 | |
| Necropolis | 1 | |
| Nerubian Tower | 1 | |
| Graveyard | 1 | |
| Barracks | 2 | |
| Halls of the Dead | 1 | |
| Ziggurat | 5 | |
| Sacrificial Pit | 1 | |
| Black Citadel | 2 | |
| Tomb of Relics | 1 | |
| Fortress | 1 | |
| Boneyard | 3 | |
28 total
» build order
00:12 Altar of Storms
00:24 Orc Burrow
01:07 War Mill
01:30 Crypt
01:40 Voodoo Lounge
02:29 Stronghold
02:39 Orc Burrow
02:39 Orc Burrow
02:41 Orc Burrow
02:52 Necropolis
02:56 Nerubian Tower
03:08 Graveyard
03:23 Barracks
03:46 Halls of the Dead
03:52 Ziggurat
04:04 Ziggurat
04:05 Ziggurat
04:17 Barracks
04:40 Ziggurat
06:19 Sacrificial Pit
06:27 Black Citadel
06:27 Black Citadel
06:33 Tomb of Relics
06:57 Ziggurat
08:31 Fortress
08:52 Boneyard
08:53 Boneyard
08:54 Boneyard
» items
| Healing Salve | 1 | |
| Scroll of Speed | 1 | |
| Staff of Teleportation | 1 | |
| Scroll of Town Portal | 1 | |
4 total
tactical (
green | 30 APM | 543 actions | 18:16)
4 Tauren Chieftain
2 Endurance Aura
2 War Stomp
1 Death Knight
1 Death Coil
» actions
| Assign group hotkey | 29 | |
| Basic commands | 63 | |
| Build / train | 38 | |
| Enter build submenu | 20 | |
| Enter hero's abilities submenu | 5 | |
| Remove unit from queue | 1 | |
| Right click | 158 | |
| Select / deselect | 139 | |
| Select group hotkey | 57 | |
| Use ability | 33 | |
543 total
» units
| Peon | 9 | |
| Grunt | 5 | |
| Troll Headhunter/Berserker | 3 | |
17 total
» upgrades
| Armor | 1 | |
| Ranged Weapons | 1 | |
| Spiked Barricades | 1 | |
| Troll Regeneration | 1 | |
| Berserker Strength | 1 | |
| Shaman Training | 1 | |
| Witch Doctor Training | 1 | |
7 total
» buildings
| Altar of Storms | 1 | |
| Orc Burrow | 7 | |
| Barracks | 2 | |
| War Mill | 1 | |
| Voodoo Lounge | 2 | |
| Stronghold | 1 | |
| Watch Tower | 4 | |
| Fortress | 1 | |
| Spirit Lodge | 2 | |
21 total
» build order
01:02 Altar of Storms
01:05 Orc Burrow
02:04 Orc Burrow
02:10 Barracks
02:15 Barracks
02:29 War Mill
02:41 Voodoo Lounge
04:46 Orc Burrow
05:01 Orc Burrow
06:00 Voodoo Lounge
07:43 Stronghold
08:07 Watch Tower
08:13 Watch Tower
09:52 Watch Tower
09:55 Watch Tower
10:37 Fortress
11:03 Spirit Lodge
11:07 Spirit Lodge
13:31 Orc Burrow
13:33 Orc Burrow
13:36 Orc Burrow
» items
| Scroll of Speed | 1 | |
| Healing Salve | 3 | |
| Lesser Clarity Potion | 1 | |
5 total
team 2 (winner)
r00t (
teal | 31 APM | 308 actions | 09:59)
4 Warden
3 Shadow Strike
1 Blink
» actions
| Assign group hotkey | 8 | |
| Basic commands | 27 | |
| Build / train | 27 | |
| Enter build submenu | 10 | |
| Enter hero's abilities submenu | 3 | |
| Right click | 79 | |
| Select / deselect | 75 | |
| Select group hotkey | 50 | |
| Use ability | 29 | |
308 total
» units
» upgrades
| Strength of the Wild | 2 | |
| Ultravision | 1 | |
| Reinforced Hides | 1 | |
4 total
» buildings
| Moon Well | 4 | |
| Altar of Elders | 1 | |
| Ancient of War | 1 | |
| Ancient of Wonders | 1 | |
| Hunter's Hall | 1 | |
| Tree of Ages | 1 | |
| Tree of Eternity | 1 | |
| Ancient of Lore | 2 | |
| Ancient of Wind | 1 | |
13 total
» build order
00:10 Moon Well
00:12 Altar of Elders
00:36 Ancient of War
01:27 Moon Well
02:04 Ancient of Wonders
02:51 Hunter's Hall
03:59 Moon Well
04:00 Moon Well
04:14 Tree of Ages
07:18 Tree of Eternity
07:42 Ancient of Lore
07:53 Ancient of Wind

»
TheWhiteYetti (
purple | 38 APM | 376 actions | 09:53)
3 Tauren Chieftain
1 War Stomp
2 Endurance Aura
1 Shadow Hunter
1 Hex
» actions
| Assign group hotkey | 11 | |
| Basic commands | 2 | |
| Build / train | 29 | |
| Enter build submenu | 13 | |
| Enter hero's abilities submenu | 4 | |
| Remove unit from queue | 1 | |
| Right click | 162 | |
| Select / deselect | 98 | |
| Select group hotkey | 37 | |
| Use ability | 19 | |
376 total
» units
» upgrades
| Armor | 2 | |
| Melee Weapons | 2 | |
| Berserker Strength | 1 | |
5 total
» buildings
| Altar of Storms | 1 | |
| Orc Burrow | 6 | |
| Barracks | 1 | |
| Voodoo Lounge | 1 | |
| War Mill | 2 | |
| Stronghold | 1 | |
| Fortress | 1 | |
13 total
» build order
00:16 Altar of Storms
00:25 Orc Burrow
00:41 Barracks
01:34 Orc Burrow
02:02 Voodoo Lounge
02:55 War Mill
03:13 War Mill
04:03 Orc Burrow
04:22 Stronghold
06:50 Fortress
07:38 Orc Burrow
07:42 Orc Burrow
07:57 Orc Burrow
» items
TeamkillerTeam (
pink | 82 APM | 1506 actions | 18:22)
5 Death Knight
2 Death Coil
3 Unholy Aura
4 Lich
2 Frost Nova
2 Frost Armor
» actions
| Assign group hotkey | 66 | |
| Basic commands | 79 | |
| Build / train | 85 | |
| ESC pressed | 6 | |
| Enter build submenu | 22 | |
| Enter hero's abilities submenu | 9 | |
| Give item / drop item | 3 | |
| Right click | 569 | |
| Select / deselect | 246 | |
| Select group hotkey | 348 | |
| Use ability | 73 | |
1506 total
» units
| Acolyte | 11 | |
| Ghoul | 5 | |
| Crypt Fiend | 14 | |
| Obsidian Statue | 1 | |
31 total
» upgrades
| Creature Attack | 3 | |
| Web | 1 | |
| Burrow | 1 | |
| Creature Carapace | 2 | |
| Unholy Armor | 1 | |
| Destroyer Form | 1 | |
| Ghoul Frenzy | 1 | |
10 total
» buildings
| Graveyard | 1 | |
| Crypt | 1 | |
| Ziggurat | 7 | |
| Altar of Darkness | 1 | |
| Tomb of Relics | 1 | |
| Halls of the Dead | 2 | |
| Spirit Tower | 5 | |
| Slaughterhouse | 1 | |
| Necropolis | 2 | |
| Sacrificial Pit | 1 | |
| Black Citadel | 2 | |
24 total
» build order
00:13 Graveyard
00:15 Crypt
00:40 Ziggurat
00:59 Altar of Darkness
01:27 Tomb of Relics
02:04 Ziggurat
04:05 Halls of the Dead
04:05 Halls of the Dead
05:26 Ziggurat
08:05 Spirit Tower
09:18 Slaughterhouse
10:56 Ziggurat
11:02 Necropolis
13:01 Necropolis
13:07 Spirit Tower
14:48 Ziggurat
14:54 Ziggurat
14:56 Ziggurat
15:05 Sacrificial Pit
15:35 Black Citadel
16:05 Spirit Tower
16:05 Spirit Tower
16:05 Spirit Tower
» items
| Rod of Necromancy | 1 | |
| Staff of Teleportation | 1 | |
| Boots of Speed | 1 | |
| Potion of Healing | 1 | |
4 total

»
Robbisk (
orange | 34 APM | 341 actions | 10:05)
2 Priestess of the Moon
1 Searing Arrows
1 Trueshot Aura
» actions
| Assign group hotkey | 1 | |
| Basic commands | 1 | |
| Build / train | 46 | |
| Enter build submenu | 11 | |
| Enter hero's abilities submenu | 2 | |
| Give item / drop item | 1 | |
| Right click | 121 | |
| Select / deselect | 142 | |
| Select group hotkey | 1 | |
| Use ability | 15 | |
341 total
» units
| Wisp | 11 | |
| Archer | 10 | |
| Huntress | 4 | |
| Hippogryph | 6 | |
| Glaive Thrower | 3 | |
34 total
» upgrades
| Ultravision | 1 | |
| Strength of the Moon | 2 | |
| Strength of the Wild | 1 | |
| Reinforced Hides | 1 | |
| Improved Bows | 1 | |
| Hippogryph Taming | 1 | |
7 total
» buildings
| Moon Well | 5 | |
| Altar of Elders | 1 | |
| Ancient of War | 1 | |
| Ancient of Wonders | 1 | |
| Tree of Ages | 1 | |
| Hunter's Hall | 1 | |
| Ancient of Wind | 1 | |
11 total
» build order
00:21 Moon Well
00:36 Altar of Elders
00:56 Ancient of War
01:47 Moon Well
02:49 Moon Well
03:02 Ancient of Wonders
03:54 Tree of Ages
03:58 Hunter's Hall
05:05 Moon Well
06:22 Ancient of Wind
07:55 Moon Well
» items
Chat log
(00:09 / All) TeamkillerTeam: So how are all of you today?
(00:25 / All) TyCobb: Ty Cobb is the greatest baseball player of all time
(00:33 / All) baberuthofwc3: its my birthday but i was alone for most of the day
(00:37 / All) TyCobb: and its most elegant spokesman
(00:38 / All) ffb: false marlon brando
(00:50 / All) baberuthofwc3: godfather is overrated
(00:51 / All) TeamkillerTeam: OUT
(00:51 / All) TeamkillerTeam: OUT
(04:19 / Allies) Robbisk: aa
(04:38 / All) TeamkillerTeam: lawl this is why I don't play ud
(04:44 / All) baberuthofwc3: y
(04:54 / All) TeamkillerTeam: I lost my level 2 dk to creeps and a fiend
(05:03 / All) TeamkillerTeam: I always underestimate as UD or overestimate
(05:08 / All) TeamkillerTeam: never have just the right amount to creep
(05:57 / Allies) TeamkillerTeam: hey you faggot teal that's mine
(05:58 / Allies) TeamkillerTeam: Shoo
(06:27 / Allies) TeamkillerTeam: xp stealing faggot
(06:40 / Allies) r00t: live losing loser?
(06:44 / Allies) r00t: sorry that's the best i got
(06:47 / Allies) TeamkillerTeam: Speak English
(06:52 / Allies) TeamkillerTeam: That sentence doesn't make sense
(06:54 / Allies) TeamkillerTeam: you brazilian shit
(06:59 / Allies) r00t: sorry guys, pink mad
(07:06 / Allies) TeamkillerTeam: I'll leave you alone now
(07:09 / Allies) TeamkillerTeam: You deserved that though
(07:14 / Allies) r00t: y?
(07:18 / Allies) TeamkillerTeam: You stole my xp
(07:23 / Allies) TeamkillerTeam: lucky I didn't kill your whole base
(07:32 / Allies) r00t: i'll return that favor
(07:38 / Allies) TeamkillerTeam: try it
(07:43 / All) TyCobb: MAGIC MISSILE MAGIC MISSILE SLEEP
(07:52 / All) TeamkillerTeam: Teal thinks he'd good enough to kill my base
(08:03 / All) baberuthofwc3: root doesnt stab
(08:15 / All) r00t: pink does tho
(08:17 / All) TeamkillerTeam: I'm going to finish him
(08:19 / All) TeamkillerTeam: He threatened me
(08:22 / All) TeamkillerTeam: He's dangerous
(08:24 / All) baberuthofwc3: not it off teal jus tplay
(08:52 / All) r00t: i'm just watching
(08:53 / Allies) TeamkillerTeam: He threatened me
(09:07 / All) baberuthofwc3: why are u tk teal
(09:17 / All) r00t: come
(09:19 / Allies) TheWhiteYetti: b
(09:39 / All) TeamkillerTeam: Good work red
(09:40 / All) TeamkillerTeam: Thank you
(09:43 / All) TeamkillerTeam: You also hate tkers?
(10:03 / All) TeamkillerTeam: This is why you don't take my xp
(10:13 / All) TyCobb: wtf
(10:22 / All) baberuthofwc3: who is turncoat
(11:21 / All) baberuthofwc3: watch a pro creep with demos
(13:36 / All) TeamkillerTeam: wow this game was fast as hell
(13:38 / All) TeamkillerTeam: Only green is left
(13:39 / All) TeamkillerTeam: wtf
(13:54 / All) baberuthofwc3: i did not know root
(13:59 / All) baberuthofwc3: was like htat
(14:09 / All) TeamkillerTeam: He took my xp so I killed his hero to make it fair
(14:14 / All) TeamkillerTeam: Then he threatened to tk me
(14:29 / All) TeamkillerTeam: People don't like being emasculated in this game
(14:41 / All) baberuthofwc3: ur helping me out yellow lol
(14:45 / All) baberuthofwc3: OR GREEN
(15:10 / All) baberuthofwc3: archmage tc battle
(15:41 / All) TyCobb: stomp
(15:46 / All) TyCobb: stomp is super effective on allies
(15:51 / All) TyCobb: I can see why you keep using it
(15:52 / All) baberuthofwc3: aye
(18:13 / All) TeamkillerTeam: This is one of the most plain game's we've had
(18:16 / All) baberuthofwc3: new acct